 Dungeon Crawl Stone Soup version 0.20.1-1-g8b1a95d (webtiles) character file.

424 Kingsmith the Magician (level 6, -1/41 HPs)
             Began as a Mummy Summoner on Nov 19, 2017.
             Was an Initiate of Sif Muna.
             Slain by an ice beast (7 damage)
             ... on level 4 of the Dungeon.
             The game lasted 00:17:40 (5073 turns).

Kingsmith the Magician (Mummy Summoner)             Turns: 5073, Time: 00:17:41

Health: -1/41      AC:  4    Str: 11    XL:     6   Next: 64%
Magic:  13/16      EV: 11    Int: 16    God:    Sif Muna [......]
Gold:   130        SH:  3    Dex: 13    Spells: 13/19 levels left

rFire    x . .     SeeInvis .   n - +0 short sword
rCold    + . .     Gourm    .   r - +0 buckler
rNeg     + + +     Faith    .   a - +0 robe
rPois    ∞         Spirit   .   t - +0 helmet (curse)
rElec    .         Reflect  .   (no cloak)
rCorr    .         Harm     .   (no gloves)
MR       .....                  j - +0 pair of boots
Stlth    ++........             (no amulet)
Regen    0.2/turn               (no ring)
MPRegen  0.2/turn               (no ring)

@: no status effects
A: no food or potions, fire vulnerability, cold resistance 1, negative energy
resistance 3, torment resistance, unbreathing
a: Renounce Religion


You were on level 4 of the Dungeon.
You worshipped Sif Muna.
Sif Muna was noncommittal.
You were not hungry.

You visited 2 branches of the dungeon, and saw 6 of its levels.

You collected 130 gold pieces.

Inventory:

Hand Weapons
 n - a +0 short sword (weapon)
 p - a +0 hunting sling
Missiles
 e - 57 arrows
 g - 91 stones (quivered)
 m - 69 bolts
Armour
 a - a +0 robe (worn)
 j - a +0 pair of boots (worn)
 r - a +0 buckler (worn)
 s - a +0 ring mail
 t - a cursed +0 helmet (worn)
Jewellery
 d - an uncursed amulet of faith
Scrolls
 c - 2 scrolls of amnesia
 f - a scroll of magic mapping {unknown}
 h - a scroll of random uselessness {unknown}
 i - 4 scrolls of teleportation
 k - 3 scrolls of remove curse
 l - 2 scrolls of recharging {unknown}
 o - 5 scrolls of identify {unknown}
 q - a scroll of fear {unknown}
Books
 b - a book of Callings

   Spells                             Type                      Level
   a - Summon Small Mammal            Summoning                    1
   b - Call Imp                       Summoning                    2
   c - Call Canine Familiar           Summoning                    3
   d - Summon Guardian Golem          Hexes/Summoning              3
   e - Summon Lightning Spire         Summoning/Air                4
   f - Summon Ice Beast               Ice/Summoning                4


   Skills:
 - Level 1.5 Dodging
 - Level 1.5 Stealth
 * Level 7.1 Spellcasting
 + Level 4.8 Summonings


You had 13 spell levels left.
You knew the following spells:

 Your Spells              Type           Power        Failure   Level  Hunger
a - Summon Small Mammal   Summ           ###.         2%          1    N/A
b - Call Imp              Summ           ###.....     4%          2    N/A
c - Call Canine Familiar  Summ           ###.....     9%          3    N/A

Dungeon Overview and Level Annotations

Branches:
Dungeon (5/15)             Temple (1/1) D:5

Altars:
Dithmenos
Gozag
Makhleb
Qazlal
Sif Muna
Uskayaw
The Shining One

Shops:
D:2 *

Annotations:
D:2 Sigmund
D:3 barbarian's ghost, amateur DsGl


Innate Abilities, Weirdness & Mutations

You do not eat or drink.
Your flesh is vulnerable to fire.
You are immune to poison.
Your flesh is cold resistant. (rC+)
You are immune to negative energy. (rN+++)
You are immune to unholy pain and torment.
You can survive without breathing.


Message History

You closely miss the ice beast.
The ice beast is severely wounded.
The ice beast hits you. The ice beast freezes you. You resist.
The ice beast hits you. The ice beast freezes you! You resist.
* * * LOW HITPOINT WARNING * * *
You hit the ice beast.
The ice beast is severely wounded.
The ice beast hits you.
* * * LOW HITPOINT WARNING * * *
The ice beast freezes you. You resist.
* * * LOW HITPOINT WARNING * * *
You closely miss the ice beast.
The ice beast is severely wounded.
The ice beast barely misses you.
Casting: Call Canine Familiar
Confirm with . or Enter, or press ? or * to list all spells.
The ice beast hits you.
* * * LOW HITPOINT WARNING * * *
The ice beast freezes you! You resist.
You die...

....####...#####.........####....
....+......................††....
....####...#####.###.#...####....
...## #..## #.# #.##.## ##...
..## #.## #.# #.##.# ##.. .## #.#
#.# #.##.# ##. ## #.# #.# #.##.#
## # #.# #Y# #.##.# ####### ####
#.# #@###.##.# #...... ...# #.#
#.h...>..# #.##### .#.#####.#
#####.######.####. .........#
#............. .#.#######
########.##.#. ##.# #.##.## ...#
#.##... #### #...... #######


You could see an ice beast and a friendly hound.

Vanquished Creatures
  A hound (D:5)
  A worker ant (D:5)
  An adder (D:4)
  2 adder skeletons
  3 leopard geckos
  3 orcs
  3 giant cockroaches
  3 goblins
  2 hobgoblins
  6 jackals
  4 kobolds
  2 quokkas
  2 bats (D:2)
  2 frilled lizards (D:2)
  A quokka zombie (D:5)
  3 rats
39 creatures vanquished.

Vanquished Creatures (collateral kills)
  The ghost of GreatGameDaddy the Ducker, an amateur TrFi (D:5)
  An ice beast (D:4)
  A howler monkey (D:4)
  2 hounds (D:5)
  A jelly (D:5)
  A centaur skeleton (D:5)
  2 iguanas (D:5)
  2 worker ants (D:4)
  4 adders
  2 adder skeletons (D:5)
  A leopard gecko (D:3)
  7 orcs
  A giant cockroach (D:3)
  3 goblins (D:1)
  4 hobgoblins
  5 jackals
  A quokka (D:4)
  3 bats
  2 frilled lizards
44 creatures vanquished.

Grand Total: 83 creatures vanquished

Notes
Turn   | Place    | Note
-------+----------+-------------------------------------------
     0 | D:1      | Kingsmith the Mummy Summoner began the quest for the Orb.
     0 | D:1      | Reached XP level 1. HP: 13/13 MP: 4/4
   237 | D:1      | Reached skill level 3 in Spellcasting
   525 | D:1      | Reached XP level 2. HP: 16/19 MP: 6/6
   856 | D:2      | Noticed Sigmund
  1071 | D:2      | Found an opulent altar of Gozag.
  1097 | D:2      | Found Gozag's Platinum Reserve.
  1444 | D:2      | Reached XP level 3. HP: 24/24 MP: 6/8
  1457 | D:1      | Learned a level 2 spell: Call Imp
  1609 | D:2      | Reached skill level 4 in Spellcasting
  1843 | D:3      | Learned a level 3 spell: Call Canine Familiar
  1947 | D:3      | Noticed barbarian's ghost (amateur DsGl)
  1998 | D:4      | Reached XP level 4. HP: 18/30 MP: 1/10
  2419 | D:4      | Found Puhot's General Store.
  2828 | D:4      | Noticed an ice beast
  2851 | D:4      | Killed an ice beast
  2851 | D:4      | Reached skill level 5 in Spellcasting
  2851 | D:4      | Reached XP level 5. HP: 27/35 MP: 4/13
  3230 | D:5      | Entered Level 5 of the Dungeon
  3397 | D:5      | Reached skill level 6 in Spellcasting
  3464 | D:5      | Reached XP level 6. HP: 19/41 MP: 15/15
  4108 | D:5      | Found a staircase to the Ecumenical Temple.
  4115 | Temple   | Entered the Ecumenical Temple
  4131 | Temple   | Became a worshipper of Sif Muna the Loreminder
  4376 | D:5      | Found a stormy altar of Qazlal.
  4376 | D:5      | Noticed GreatGameDaddy's ghost (amateur TrFi)
  4408 | D:5      | Killed GreatGameDaddy's ghost
  4408 | D:5      | Reached skill level 7 in Spellcasting
  5032 | D:4      | Noticed an ice beast
  5073 | D:4      | Slain by an ice beast

Skill      XL: |  1  2  3  4  5  6 |
---------------+-------------------+-----
Spellcasting   | 3 4 5 6 7 |  7.1
Summonings     | 4 |  4.8
Dodging        | |  1.5
Stealth        | |  1.5

Action                   |  1- 3 |  4- 6 || total
-------------------------+-------+-------++-------
Melee: Dagger            |    32 |       ||    32
       Unarmed           |     1 |       ||     1
       Short sword       |   118 |   179 ||   297
Throw: Stone             |     2 |       ||     2
 Cast: Summon Small Mamm |    19 |     1 ||    20
       Call Imp          |     8 |    10 ||    18
       Call Canine Famil |     4 |    25 ||    29
  Use: Scroll            |     3 |       ||     3
 Stab: Distracted        |     2 |       ||     2
       Sleeping          |     1 |     3 ||     4
Armor: Robe              |    39 |    42 ||    81
Dodge: Dodged            |   162 |   106 ||   268
Block: Buckler           |     3 |    22 ||    25
